 Dungeon Crawl Stone Soup version 0.23-a0-183-gf37f6fb (webtiles) character file.

55 iamserjio the Twirler (level 3, -2/31 HPs)
             Began as a Draconian Wanderer on Sept 22, 2018.
             Slain by an ice beast (5 damage)
             ... on level 3 of the Dungeon.
             The game lasted 00:02:56 (2279 turns).

iamserjio the Twirler (Draconian Wanderer)          Turns: 2279, Time: 00:02:57

Health: -2/31      AC:  5    Str: 19    XL:     3   Next: 67%
Magic:  3/3        EV: 11    Int: 13    God:
Gold:   73         SH:  0    Dex: 12    Spells: 2/2 levels left

rFire    . . .     SeeInvis .     - Unarmed
rCold    + . .     Gourm    .   (no shield)
rNeg     . . .     Faith    .   (armour unavailable)
rPois    .         Spirit   .   (helmet restricted)
rElec    .         Reflect  .   (no cloak)
rCorr    .         Harm     .   (no gloves)
MR       .....                  (no boots)
Stlth    +.........             (no amulet)
HPRegen  0.10/turn              (no ring)
MPRegen  0.08/turn              (no ring)

@: mighty, slowed, very slow
A: unfitting armour, cold resistance 1, strong 1, cold-blooded, AC +5
a: no special abilities


You were on level 3 of the Dungeon.
You were not hungry.

You visited 1 branch of the dungeon, and saw 3 of its levels.

You collected 73 gold pieces.

Inventory:

Hand Weapons
 b - a +2 whip of freezing
 d - a +0 blowgun
Missiles
 c - 26 poisoned needles
Armour
 a - a +0 shield
Scrolls
 e - a scroll of enchant armour {unknown}
 h - a scroll of remove curse {unknown}
 i - 3 scrolls of identify {unknown}
 l - 2 scrolls of teleportation {unknown}
 n - a scroll of blinking {unknown}
 p - a scroll of amnesia {unknown}
Potions
 k - 2 potions of curing {@q1}
 m - a potion of agility {unknown}
Comestibles
 f - 3 rations
 j - a chunk of flesh


   Skills:
 - Level 3.2 Fighting
   Level 4.0 Staves
 - Level 1.0 Throwing
 - Level 1.0 Dodging
 - Level 1.3 Shields
 * Level 3.2 Unarmed Combat


You had 2 spell levels left.
You didn't know any spells.
Your spell library was empty.

Dungeon Overview and Level Annotations

Branches:
Dungeon (3/15)

Altars:


Innate Abilities, Weirdness & Mutations

Your plain brown scales are hard. (AC +5)
You cannot fit into any form of body armour.
You are cold-blooded and may be slowed by cold attacks.
Your flesh is cold resistant. (rC+)
Your muscles are strong. (Str +2)


Message History

You feel yourself slow down.
You hit the ice beast.
You tail-slap the ice beast, but do no damage.
The ice beast hits you. The ice beast freezes you!
It was a potion of might.
You feel very mighty all of a sudden.
You feel yourself speed up.
The ice beast hits you but does no damage.
The ice beast hits you.
* * * LOW HITPOINT WARNING * * *
The ice beast freezes you!
You feel yourself slow down.
* * * LOW HITPOINT WARNING * * *
You feel much better. The ice beast hits you. The ice beast freezes you!
You feel as though you will be slow longer.
* * * LOW HITPOINT WARNING * * *
It was a potion of mutation.
You feel extremely strange.
You feel resistant to cold.
You feel stronger. The ice beast barely misses you. The ice beast hits you.
* * * LOW HITPOINT WARNING * * *
The ice beast freezes you. You resist.
You die...

.......## ##.###.######
#.......###.## #....<..
#.#.####....###########
#.......# # # #.##.##.#
>##.#. #.##.# .#
......####.##.##.#
.<.=....##.##....#
>##.###Y@........#
#.>......[...#
#.####.##.#..#
...........# .#
###.........#
.....##.##.# ##.#.
#.##.# # # #.....
####.#.


You could see an ice beast.

Vanquished Creatures
  2 adders
  A dart slug (D:1)
  2 leopard geckos (D:1)
  A bat (D:1)
  2 giant cockroaches
  6 goblins
  3 hobgoblins
  2 jackals (D:2)
  A kobold (D:1)
  4 frilled lizards
  8 rats
32 creatures vanquished.

Notes
Turn   | Place    | Note
-------+----------+-------------------------------------------
     0 | D:1      | iamserjio the Draconian Wanderer began the quest for the
                  | Orb.
     0 | D:1      | iamserjio set off with: a +0 shield, a potion of curing
                  | {@q1}, 12 poisoned needles, a +0 blowgun, a ration
     0 | D:1      | Reached XP level 1. HP: 19/19 MP: 1/1
   433 | D:1      | Reached skill level 1 in Unarmed Combat
   464 | D:1      | Reached XP level 2. HP: 25/26 MP: 2/2
  1174 | D:2      | Reached XP level 3. HP: 27/31 MP: 3/3
  2267 | D:3      | Noticed an ice beast
  2277 | D:3      | HP: 1/31 [ice beast (7)]
  2279 | D:3      | Gained mutation: Your flesh is cold resistant. (rC+)
                  | [potion of mutation]
  2279 | D:3      | Gained mutation: Your muscles are strong. (Str +2) [potion
                  | of mutation]
  2279 | D:3      | Slain by an ice beast

Vault maps used:
D:1:      sevenhm_arrival_forest_fort_large_4, serial_bayou,
          serial_bayou_lake_a, serial_bayou_ford_a, serial_bayou_crossing,
          serial_bayou_pond_e
D:3:      kennysheep_the_goblin_king

Skill      XL: |  1  2  3 |
---------------+----------+-----
Unarmed Combat | 1 2 3 |  3.2
Fighting       | |  3.2
Staves         | |  4.0
Throwing       | |  1.0
Dodging        | |  1.0
Shields        | |  1.3

Action                   || total
-------------------------++-------
Melee: Unarmed           ||    32
       Whip              ||    77
       Tailslap          ||    11
 Fire: Blowgun           ||     1
  Use: Potion            ||     6
 Stab: Sleeping          ||     1
  Eat: Chunk             ||     4
Armor: Skin              ||    24
Dodge: Dodged            ||    53
Block: Shield            ||     5

Table legend:
 A = Non-vault XP
 B = Vault XP
 C = Vault XP percentage of total XP
 D = Non-vault monster count
 E = Vault monster count
 F = Vault count percentage of total count
                 A         B        C        D         E       F
            +---------+---------+-------+---------+---------+-------
      Total |      79 |       0 |   0.0 |      32 |       0 |   0.0
            +---------+---------+-------+---------+---------+-------
        D:1 |      32 |       0 |   0.0 |      18 |       0 |   0.0
        D:2 |      30 |       0 |   0.0 |      11 |       0 |   0.0
        D:3 |      17 |       0 |   0.0 |       3 |       0 |   0.0
            +---------+---------+-------+---------+---------+-------
